 Dungeon Crawl Stone Soup version 0.29.1-4-g47bece8355 (webtiles) character file.

Game seed: 883368297790506635

6034 DoIIoM the Summoner (level 10, -8/63 HPs)
             Began as an Octopode Summoner on Dec 2, 2022.
             Mangled by a deep troll (11 damage)
             ... on level 8 of the Dungeon.
             The game lasted 00:28:43 (9516 turns).

DoIIoM the Summoner (Octopode Summoner)             Turns: 9516, Time: 00:28:43

Health: -8/63      AC:  1    Str:  7    XL:     10   Next: 86%
Magic:  10/22      EV: 13    Int: 21    God:
Gold:   452        SH:  0    Dex: 20    Spells: 12/25 levels left

rFire   . . .      SeeInvis .   E - staff of air
rCold   . . .      Faith    .   (no shield)
rNeg    . . .      Spirit   .   (helmet restricted)
rPois   .          Reflect  .   (no amulet)
rElec   +          Harm     .   j - +4 ring of slaying
rCorr   .          Rampage  .   h - ring of willpower
Will    +....                   q - +6 ring of dexterity
Stlth   ++++......              (no ring)
HPRegen 0.20/turn               (no ring)
MPRegen 0.18/turn               (no ring)
                                (no ring)
                                (no ring)

@: no status effects
A: almost no armour, amphibious, 8 rings, camouflage 1, gelatinous body 1,
(nimble swimmer 1), tentacles
a: no special abilities


You were on level 8 of the Dungeon.
You visited 2 branches of the dungeon, and saw 9 of its levels.

You collected 452 gold pieces.

Inventory:

Hand Weapons
 b - a +0 dagger
 o - a +2 trident of freezing
Missiles
 B - a throwing net
Magical Staves
 E - a staff of air (weapon)
Jewellery
 h - a ring of willpower (right tentacle)
 j - a +4 ring of slaying (left tentacle)
 q - a +6 ring of dexterity (on tentacle)
 A - a ring of resist corrosion
 D - a ring of ice
Wands
 k - a wand of acid (15)
 u - a wand of paralysis (17)
 x - a wand of polymorph (10)
Scrolls
 e - a scroll of blinking {unknown}
 f - 4 scrolls of magic mapping {unknown}
 i - a scroll of enchant armour {unknown}
 l - 2 scrolls of poison {unknown}
 m - 3 scrolls of noise {unknown}
 r - 3 scrolls of teleportation {unknown}
 s - a scroll of silence {unknown}
 t - 3 scrolls of vulnerability {unknown}
 w - 2 scrolls of amnesia {unknown}
 y - a scroll of identify
Potions
 a - 2 potions of magic
 c - a potion of flight
 d - 2 potions of lignification
 g - 2 potions of cancellation
 n - a potion of attraction
 p - 2 potions of curing
 v - a potion of heal wounds {unknown}
 z - a potion of mutation {unknown}
 C - a potion of degeneration {unknown}


   Skills:
 * Level 3.3 Fighting
 - Level 2.0 Dodging
 - Level 5.2 Stealth
 + Level 8.2 Spellcasting
 + Level 9.7 Summonings
 - Level 9.0 Air Magic


You had 12 spell levels left.
You knew the following spells:

 Your Spells              Type           Power      Damage    Failure   Level
a - Summon Small Mammal   Summ           100%       N/A       1%          1
b - Call Imp              Summ           49%        N/A       1%          2
c - Call Canine Familiar  Summ           49%        N/A       1%          3
d - Summon Lightning Spi  Summ/Air       64%        N/A       1%          4
e - Summon Guardian Gole  Hex/Summ       29%        N/A       3%          3

Your spell library contained the following spells:

 Spells                   Type           Power      Damage    Failure   Level
 Slow                     Hex            32%        N/A       8%          1
 Confusing Touch          Hex            8%         N/A       24%         3
 Ozocubu's Armour         Ice            8%         N/A       24%         3
 Vampiric Draining        Necr           8%         2d6       24%         3
 Fulminant Prism          Conj/Hex       4%         3d6       61%         4
 Iskenderun's Mystic Bla  Conj/Tloc      8%         2d4       61%         4
 Lee's Rapid Deconstruct  Erth           4%         3d6*      91%         5
 Metabolic Englaciation   Hex/Ice        4%         N/A       91%         5
 Simulacrum               Ice/Necr       4%         N/A       100%        6


Dungeon Overview and Level Annotations

Branches:
Dungeon (8/15)             Temple (1/1) D:4
   Lair: D:8-11

Altars:
Ashenzari
Cheibriados
Dithmenos
Elyvilon
Gozag
Hepliaklqana
Kikubaaqudgha
Makhleb
Nemelex Xobeh
Qazlal
Ru
Sif Muna
Uskayaw
Wu Jian
Xom
Zin
The Shining One

Shops:
D:7 (


Innate Abilities, Weirdness & Mutations

You cannot wear most types of armour.
You are amphibious.
You can wear up to eight rings at the same time.
Your skin changes colour to match your surroundings (Stealth+).
Your rubbery body absorbs attacks. (AC +1, EV +1)
((You are camouflaged when in or above water. (Stealth+)))
You have tentacles for arms and can constrict up to eight enemies at once.


Message History

Your crimson imp barely misses the deep troll.
Your lightning spire shoots out a bolt of lightning at the deep troll!
The bolt of electricity hits your guardian golem.
Your guardian golem resists.
The bolt of electricity hits the deep troll!!
Unknown command.
Unknown command.
What are your orders? t - Shout!
Orders for allies: a - Attack new target. r - Retreat! s - Stop attacking. g - Guard the area. f - Follow me.
Anything else - Cancel.
Gang up on whom?
Press: ? - help, Dir - move target, f - deep troll
Aim: a deep troll (moderately wounded, ally target) Attack!
Your crimson imp blinks!
You hit the deep troll.
The deep troll is heavily wounded.
Your wolf completely misses the deep troll.
The deep troll bites you! The deep troll claws you! The deep troll misses you.
Your wolf barely misses the deep troll.
Unknown command.
Your wolf bites the deep troll!
Your wolf bites the deep troll.
Casting: Summon Guardian Golem (dangerous; 3% risk of failure)
Confirm with . or Enter, or press ? or * to list all spells.
A beastly little devil appears in a puff of flame.
The deep troll bites you! The deep troll claws you.
The deep troll barely misses you.
Your crimson imp blinks!
The deep troll attacks as you move away!
The deep troll closely misses you. The deep troll claws you!
The deep troll claws you!!
* * * LOW HITPOINT WARNING * * *
Your crimson imp blinks!
The deep troll attacks as you move away!
The deep troll completely misses you. The deep troll claws you!
You die...

######8......##...
#..##.......$ #...
#....h....... #..#
#.###........ ####
#h# ##....... #.#
#.....###### #9#
########..... #T#
#...........) #@#
#........)...
#.######....#...)#
#.......[........)
########....#....#
#....#....#
#....#....#
#....#....#
#....#....#
#....######


You could see a deep troll (ally target), a friendly guardian golem (summoned)
and a friendly wolf (summoned, sheltered).

Vanquished Creatures
  A vampire mosquito (D:8)
  A water moccasin (D:6)
  2 sky beasts (D:7)
  An ice beast (D:5)
  An ogre (D:5)
  2 phantoms
  3 bullfrogs
  4 scorpions
  A wight (D:8)
  2 howler monkeys
  3 hounds
  5 orc priests
  3 iguanas
  3 orc wizards
  A gnoll (D:5)
  3 adders
  A dart slug (D:4)
  14 orcs
  3 ball pythons
  6 endoplasms
  A giant cockroach (D:3)
  9 hobgoblins
  5 jackals
  2 quokkas (D:5)
  5 bats
  2 frilled lizards
  6 goblins
  6 kobolds
  6 rats
102 creatures vanquished.

Vanquished Creatures (collateral kills)
  2 deep trolls (D:8)
  4 yaks
  A wyvern (D:8)
  A basilisk (D:8)
  Menkaure (D:7)
  2 water moccasins (D:7)
  An orc warrior (D:6)
  2 ice beasts
  A centaur (D:8)
  3 bullfrogs
  3 necrophages
  3 scorpions (D:5)
  6 wights
  A howler monkey (D:5)
  5 hounds
  A jelly (D:8)
  2 gnoll boudas
  3 iguanas
  3 orc wizards
  2 adders
  5 gnolls
  2 white imps (D:5)
  A dart slug (D:1)
  10 orcs
  2 jackals (D:2)
  3 training dummies (D:7)
70 creatures vanquished.

Vanquished Creatures (others)
  A yak (D:6)
  2 wights (D:8)
3 creatures vanquished.

Grand Total: 175 creatures vanquished

Notes
Turn   | Place    | Note
-------+----------+-------------------------------------------
     0 | D:1      | DoIIoM the Octopode Summoner began the quest for the Orb.
     0 | D:1      | Reached XP level 1. HP: 11/11 MP: 3/3
   288 | D:1      | Reached XP level 2. HP: 17/17 MP: 5/5
   295 | D:1      | Learned a level 2 spell: Call Imp
  1013 | D:2      | You fall into a shaft and drop 1 floor!
  1023 | D:3      | Reached XP level 3. HP: 21/21 MP: 6/6
  1571 | D:3      | Reached XP level 4. HP: 23/27 MP: 5/8
  1575 | D:3      | Learned a level 3 spell: Call Canine Familiar
  2104 | D:3      | Reached XP level 5. HP: 16/31 MP: 4/9
  3002 | D:4      | Reached skill level 5 in Stealth
  3002 | D:4      | Reached skill level 5 in Summonings
  3097 | D:4      | Found a staircase to the Ecumenical Temple.
  3110 | Temple   | Entered the Ecumenical Temple
  3614 | D:4      | Reached XP level 6. HP: 36/36 MP: 11/11
  3782 | D:5      | Entered Level 5 of the Dungeon
  3959 | D:5      | Noticed an ice beast
  3983 | D:5      | Killed an ice beast
  3984 | D:5      | Reached XP level 7. HP: 41/41 MP: 9/13
  4224 | D:5      | Reached skill level 5 in Spellcasting
  4275 | D:5      | Learned a level 4 spell: Summon Lightning Spire
  4279 | D:5      | Learned a level 3 spell: Summon Guardian Golem
  4348 | D:5      | Reached skill level 1 in Air Magic
  4485 | D:5      | Reached XP level 8. HP: 46/46 MP: 13/16
  5601 | D:6      | Noticed a yak
  5601 | D:6      | Noticed a yak
  5601 | D:6      | Noticed a yak
  5601 | D:6      | Noticed a yak
  5954 | D:6      | Killed a yak
  5955 | D:6      | Reached skill level 5 in Air Magic
  5955 | D:6      | Reached XP level 9. HP: 51/51 MP: 4/18
  6827 | D:7      | Found a stormy altar of Qazlal.
  7020 | D:7      | Noticed Menkaure
  7070 | D:7      | Reached XP level 10. HP: 39/56 MP: 13/20
  7234 | D:7      | Killed Menkaure
  7856 | D:7      | Found Qousocu's Firing Range.
  8130 | D:8      | Found a burning altar of Makhleb.
  8316 | D:8      | Noticed a deep troll
  8322 | D:8      | Noticed a deep troll
  8324 | D:8      | Noticed a deep troll
  8347 | D:8      | Killed a deep troll
  8852 | D:8      | Reached skill level 1 in Fighting
  9108 | D:8      | Found a glowing silver altar of Zin.
  9388 | D:8      | Killed a deep troll
  9515 | D:8      | HP: 3/63 [deep troll (19)]
  9516 | D:8      | Mangled by a deep troll

Illustrated notes

Levels and vault maps discovered:
D:1:      scummos_arrival_forest, layout_basic, minmay_misc_feat_nine_boxes,
          minmay_misc_feat_room
D:2:      layout_loops_cross, serial_shops, shop,
          dreamdust_ecumenical_altar_hidden_monk_grotto,
          chequers_serial_rivers_room_b, nicolae_concentric_dashed_squares_wild
D:3:      layout_basic, chequers_avenue, wander_ebering_terrifying_dragon_lair
D:4:      layout_loops_ring, minmay_temple_entry_tees
D:5:      layout_basic, gup_sewer_entry_bowl
D:6:      layout_gridville, st_stairs_8
D:7:      layout_basic, grunt_qazlal_clouds, kennysheep_donut,
          nicolae_shop_firing_range, uniq_menkaure
D:8:      minmay_chambers_of_sixes, layout_basic, lemuel_doored_altar,
          mainiacjoe_overflow_tiny_flanked,
          hellmonk_guarded_unrand_vitality_bloodlust
Temple:   compressed_dpeg_circular_temple

Skill      XL: |  1  2  3  4  5  6  7  8  9 10 |
---------------+-------------------------------+-----
Stealth        | 3 4 5 |  5.2
Spellcasting   | 3 4 5 6 7 8 |  8.2
Summonings     | 5 6 7 8 9 |  9.7
Air Magic      | 1 5 7 9 |  9.0
Fighting       | 3 |  3.3
Dodging        | |  2.0

Action                   |  1- 3 |  4- 6 |  7- 9 | 10-12 || total
-------------------------+-------+-------+-------+-------++-------
Melee: Unarmed           |    13 |       |       |       ||    13
       Constrict         |    21 |    12 |    13 |     4 ||    50
       Tentacles         |    15 |     9 |    10 |     5 ||    39
       Dagger            |    55 |    25 |       |       ||    80
       Trident           |       |    48 |    97 |    39 ||   184
       Staff             |       |       |       |     3 ||     3
 Cast: Call Imp          |     5 |    10 |    20 |    15 ||    50
       Summon Small Mamm |     1 |       |       |       ||     1
       Call Canine Famil |       |     6 |    20 |    13 ||    39
       Summon Lightning  |       |       |     6 |    15 ||    21
       Summon Guardian G |       |       |     4 |     8 ||    12
  Use: Scroll            |       |     4 |     2 |       ||     6
 Stab: Sleeping          |     8 |    13 |     2 |     3 ||    26
       Distracted        |       |       |     1 |     2 ||     3
Armor: Skin              |     8 |     1 |     4 |     1 ||    14
Dodge: Dodged            |    40 |    29 |    33 |    23 ||   125
